 Dungeon Crawl Stone Soup version 0.25.1-2-g60ff931df9 (webtiles) character file.

Game seed: 8630825107261050420

2161 Descartes the Blocker (level 9, -1/68 HPs)
             Began as a Formicid Fighter on Aug 2, 2020.
             Slain by a killer bee (4 damage)
             ... on level 7 of the Dungeon.
             The game lasted 00:19:13 (8291 turns).

Descartes the Blocker (Formicid Fighter)            Turns: 8291, Time: 00:19:14

Health: -1/68      AC: 11    Str: 18 (21) XL:     9   Next: 57%
Magic:  18/18      EV: 11    Int:  9 (11) God:
Gold:   380        SH: 15    Dex: 10      Spells: 18/20 levels left

rFire    . . .     SeeInvis +   F - +1 halberd (venom)
rCold    . . .     Gourm    .   c - +0 kite shield
rNeg     . . .     Faith    .   O - +0 troll leather armour {Purgy}
rPois    +         Spirit   .   (helmet unavailable)
rElec    .         Reflect  .   h - scarf {+Inv}
rCorr    .         Harm     .   g - +0 pair of gloves
MR       +....                  (no boots)
Stlth    +.........             (no amulet)
HPRegen  0.61/turn              k - +4 ring of protection
MPRegen  0.16/turn              R - ring of protection from magic

@: very slightly contaminated, invisible
A: permanent stasis, dig shafts and tunnels, four strong arms, antennae 3, large
bone plates 1, poison resistance, shaggy fur 1
a: Dig, Shaft Self


You were on level 7 of the Dungeon.
You were hungry.

You visited 1 branch of the dungeon, and saw 7 of its levels.
You also visited: Sewer.

You collected 380 gold pieces.

Inventory:

Hand Weapons
 v - a +3 short sword
 C - a +2 vorpal falchion
 F - a +1 halberd of venom (weapon)
Missiles
 j - 370 stones
 l - 41 sling bullets
 o - 89 arrows
 t - 49 poisoned darts
 x - 73 bolts
 z - 2 throwing nets (quivered)
 B - 6 boomerangs
Armour
 c - a +0 kite shield (worn)
 g - a +0 pair of gloves (worn)
 h - a scarf of invisibility (worn)
 G - a +0 chain mail
 O - a +0 troll leather armour (worn) {Purgy}
 S - a +1 robe of magic resistance
Magical Staves
 b - an uncursed staff of energy
Jewellery
 k - a +4 ring of protection (left hand)
 m - an uncursed ring of fire
 R - a ring of protection from magic (right hand)
Wands
 p - a wand of digging (6)
 y - a wand of paralysis (10)
 H - a wand of acid (9)
Scrolls
 e - 4 scrolls of remove curse
 i - 4 scrolls of immolation {unknown}
 s - 3 scrolls of magic mapping
 u - 6 scrolls of enchant armour {unknown}
 A - a scroll of amnesia
 E - 3 scrolls of fog {unknown}
 I - a scroll of noise {unknown}
 K - 4 scrolls of identify
 L - a scroll of holy word {unknown}
 N - 2 scrolls of fear {unknown}
 P - a scroll of blinking {unknown}
 Q - a scroll of teleportation {unknown}
Potions
 d - 3 potions of might
 n - a potion of degeneration
 q - 2 potions of invisibility
 r - a potion of magic
 w - a potion of cancellation
Comestibles
 f - 16 rations
 D - 2 chunks of flesh


   Skills:
 - Level 5.0 Fighting
 - Level 2.0 Long Blades
 + Level 6.2 Armour
 - Level 9.0 Shields
 + Level 6.2 Spellcasting
 - Level 5.0 Evocations


You had 18 spell levels left.
You knew the following spells:

 Your Spells              Type           Power        Failure   Level  Hunger
a - Sticks to Snakes      Tmut           #.......     36%         2    ##.....

Your spell library contained the following spells:

 Spells                   Type           Power        Failure   Level  Hunger
 Beastly Appendage        Tmut           #.....       26%         1    None
 Spider Form              Tmut/Pois      #.........   58%         3    ###....
 Ice Form                 Ice/Tmut       #.......     94%         4    ####...
 Blade Hands              Tmut           #.........   100%        5    ######.


Dungeon Overview and Level Annotations

Branches:
Dungeon (7/15)              Sewer (visited)
 Temple: D:4-7

Altars:
Cheibriados
Dithmenos
Fedhas
Gozag
Hepliaklqana
Kikubaaqudgha
Nemelex Xobeh
Uskayaw
Vehumet
Wu Jian
Xom


Innate Abilities, Weirdness & Mutations

You cannot be hasted, slowed, berserked, paralysed or teleported.
You can dig through walls and to a lower floor.
Your four strong arms can wield two-handed weapons with a shield.
You have a pair of large antennae on your head. (SInv)
You are partially covered in large bone plates. (SH +4)
Your system is resistant to poisons. (rPois)
You are covered in fur. (AC +1)


Message History

The killer bee is almost dead.
The killer bee stings you.
* * * LOW HITPOINT WARNING * * *
You block the killer bee's attack. The killer bee stings you.
* * * LOW HITPOINT WARNING * * *
You fade into invisibility!
The killer bee stings you.
* * * LOW HITPOINT WARNING * * *
The killer bee stings you but does no damage.
You are very lightly contaminated with residual magic.
It was a potion of magic.
Magic courses through your body. You block the killer bee's attack. x2
You miss the killer bee.
The killer bee is almost dead.
The killer bee stings you but does no damage.
You block the killer bee's attack. x2
You closely miss the killer bee.
The killer bee is severely wounded.
You block the killer bee's attack. The killer bee stings you.
You die...

##..................###
#.........##...##..)...
#..............##......
#...........(..##......
#..............##...#..
#.........))...##......
##...#y#.......##......
... #y#yy.....##......
. #@#...............
###....###........
#....# ........ ......
........ ........
####.### .........


You could see 2 killer bees.

Vanquished Creatures
  Sigmund (D:6)
  2 phantoms
  Purgy (Sewer)
  An ice beast (D:2)
  An ogre (D:5)
  2 centaurs
  Blork the orc (D:6)
  3 bullfrogs
  2 scorpions
  4 killer bees (D:7)
  6 crimson imps
  A quasit (D:6)
  A hound (D:4)
  A bullfrog zombie (D:3)
  3 orc priests
  2 bullfrog skeletons
  An iguana (D:7)
  3 worker ants (D:6)
  A hound skeleton (D:6)
  8 gnolls (D:4)
  10 adders
  2 shadow imps
  2 oozes (D:1)
  2 worms
  A dart slug (D:3)
  2 leopard geckos
  13 orcs
  2 giant cockroaches (D:3)
  9 goblins
  14 hobgoblins
  A jackal (D:6)
  A quokka (D:6)
  14 bats
  9 frilled lizards
  A giant cockroach zombie (D:3)
  20 kobolds
  A quokka skeleton (D:4)
  9 rats
158 creatures vanquished.

Notes
Turn   | Place    | Note
-------+----------+-------------------------------------------
     0 | D:1      | Descartes the Formicid Fighter began the quest for the Orb.
     0 | D:1      | Reached XP level 1. HP: 18/18 MP: 1/1
   196 | D:1      | Reached skill level 4 in Shields
   208 | D:1      | Reached XP level 2. HP: 24/24 MP: 2/2
   470 | D:1      | Reached skill level 1 in Spellcasting
   606 | D:1      | Reached XP level 3. HP: 29/29 MP: 4/4
  1482 | D:2      | Reached skill level 5 in Shields
  1487 | D:2      | Noticed an ice beast
  1777 | D:2      | HP: 1/29 [ice beast (13)]
  2102 | D:2      | Killed an ice beast
  2102 | D:2      | Reached skill level 6 in Shields
  2102 | D:2      | Reached XP level 4. HP: 15/35 MP: 5/7
  2102 | D:2      | Reached XP level 5. HP: 17/41 MP: 5/8
  2927 | D:3      | Reached XP level 6. HP: 47/47 MP: 9/9
  3023 | D:3      | Reached skill level 1 in Evocations
  3737 | D:4      | Noticed a phantom
  3764 | D:4      | Killed a phantom
  3764 | D:4      | Reached skill level 7 in Shields
  3764 | D:4      | Reached XP level 7. HP: 32/53 MP: 11/11
  4252 | D:4      | Learned a level 2 spell: Sticks to Snakes
  4369 | D:4      | Found a blossoming altar of Fedhas.
  5309 | D:3      | Found an ancient bone altar of Kikubaaqudgha.
  5793 | D:5      | Entered Level 5 of the Dungeon
  6184 | D:5      | Found a hazy altar of Hepliaklqana.
  6185 | D:5      | Found a shadowy altar of Dithmenos.
  6185 | D:5      | Noticed a shadow
  6230 | D:5      | Found a snail-covered altar of Cheibriados.
  6244 | D:5      | Reached skill level 8 in Shields
  6244 | D:5      | Reached XP level 8. HP: 59/61 MP: 13/13
  6287 | D:5      | Found a shimmering altar of Xom.
  6287 | D:5      | Found a radiant altar of Vehumet.
  6295 | D:5      | Found a hide-covered altar of Uskayaw.
  6365 | D:5      | Found an ornate altar of the Wu Jian Council.
  6366 | D:5      | Found a snail-covered altar of Cheibriados.
  6366 | D:5      | Found a sparkling altar of Nemelex Xobeh.
  6367 | D:5      | Found an opulent altar of Gozag.
  6953 | D:6      | Found a glowing drain.
  6970 | Sewer    | Entered a sewer
  7026 | Sewer    | Noticed Purgy
  7046 | Sewer    | Killed Purgy
  7297 | D:6      | Noticed Blork the orc
  7308 | D:6      | Killed Blork the orc
  7378 | D:6      | Reached skill level 5 in Fighting
  7431 | D:6      | Reached skill level 9 in Shields
  7578 | D:6      | Reached XP level 9. HP: 48/68 MP: 16/16
  7712 | D:6      | Noticed Sigmund
  7719 | D:6      | Killed Sigmund
  7719 | D:6      | Reached skill level 5 in Armour
  7719 | D:6      | Reached skill level 5 in Spellcasting
  7719 | D:6      | Reached skill level 5 in Evocations
  7963 | D:7      | Gained mutation: You are partially covered in large bone
                  | plates. (SH +4) [potion of mutation]
  7963 | D:7      | Gained mutation: You are covered in fur. (AC +1) [potion of
                  | mutation]
  7963 | D:7      | Gained mutation: Your system is resistant to poisons.
                  | (rPois) [potion of mutation]
  8287 | D:7      | HP: 3/68 [killer bee (2)]
  8288 | D:7      | HP: 1/68 [killer bee (3)]
  8291 | D:7      | Slain by a killer bee

Illustrated notes

Levels and vault maps discovered:
D:1:      elethiomel_arrival_quiet, layout_basic
D:2:      layout_loops_ring
D:3:      layout_basic, lemuel_round_altar
D:4:      corexii_shantytown, layout_basic, marbit_many_paths
D:5:      layout_loops_ring, riverfiend_overflow_shadow_ancestor,
          grunt_temple_overflow_open, eat_drink_and_be_merry_uskayaw,
          first_ration, basic_altar, minmay_diced_spiral
D:6:      hangedman_cross_stitches, layout_rooms, portal_sewer_entry_d,
          uniq_blork_the_orc, uniq_sigmund
D:7:      layout_basic, minmay_temple_entry_butterflies

Skill      XL: |  1  2  3  4  5  6  7  8  9 |
---------------+----------------------------+-----
Shields        | 4 6 7 8 9 |  9.0
Spellcasting   | 1 2 3 4 6 |  6.2
Evocations     | 2 4 5 |  5.0
Fighting       | 4 5 |  5.0
Armour         | 4 6 |  6.2
Long Blades    | |  2.0

Action                   |  1- 3 |  4- 6 |  7- 9 || total
-------------------------+-------+-------+-------++-------
Melee: Long sword        |   104 |   183 |   124 ||   411
       Halberd           |       |       |   384 ||   384
 Abil: Evoke Invisibilit |     1 |       |       ||     1
       Dig               |       |     1 |     9 ||    10
  Use: Scroll            |       |       |     9 ||     9
       Potion            |       |       |    10 ||    10
  Eat: Chunk             |     2 |     5 |    16 ||    23
       Ration            |     1 |       |       ||     1
Armor: Scale mail        |    50 |    42 |       ||    92
       Ring mail         |       |    34 |    39 ||    73
       Chain mail        |       |       |   101 ||   101
       Troll leather arm |       |       |    86 ||    86
Dodge: Dodged            |    42 |    65 |   219 ||   326
Block: Kite shield       |    53 |   126 |   416 ||   595
       Rpst.: Long sword |    13 |    21 |    14 ||    48
